 Dungeon Crawl Stone Soup version 0.21-a0-331-gfb491b4 (webtiles) character file.

44 4thArraOfDagon the Magician (level 3, 1/28 HPs)
             Began as a Gnoll Wanderer on Oct 2, 2017.
             Quit the game on level 6 of the Dungeon.
             The game lasted 00:02:29 (503 turns).

4thArraOfDagon the Magician (Gnoll Wanderer)         Turns: 503, Time: 00:02:30

Health: 1/28       AC:  5    Str: 11    XL:     3   Next: 62%
Magic:  9/9        EV: 15    Int: 15    God:
Gold:   104        SH:  0    Dex: 17    Spells: 12/12 levels left

rFire    + . .     SeeInvis .   a - +2 quarterstaff
rCold    + . .     Gourm    .   (shield currently unavailable)
rNeg     . . .     Faith    .   d - +0 robe
rPois    +         Spirit   .   (no helmet)
rElec    +         Reflect  .   (no cloak)
rCorr    +         Harm     .   (no gloves)
MR       .....                  h - +2 pair of boots
Stlth    ++........             (no amulet)
HPRegen  0.09/turn              (no ring)
MPRegen  0.11/turn              (no ring)

@: lethally poisoned (1 -> -3), resistant, berserk cooldown, hasted and slowed
A: distributed training, fangs 1, strong nose
a: no special abilities


You were on level 6 of the Dungeon.
You were not hungry.

You visited 1 branch of the dungeon, and saw 6 of its levels.

You collected 104 gold pieces.

Inventory:

Hand Weapons
 a - a +2 quarterstaff (weapon)
 l - a +1 hand axe of freezing
Armour
 d - a +0 robe (worn)
 h - a +2 pair of boots (worn)
Wands
 c - a wand of random effects (15/48)
Scrolls
 i - 2 scrolls of remove curse
 j - a scroll of fear
 o - a scroll of identify {unknown}
Books
 b - the Collected Works on Feathers

   Spells                             Type                      Level
   a - Shock                          Conjuration/Air              1
   b - Mephitic Cloud                 Conjuration/Poison/Air       3
Comestibles
 f - a bread ration
 g - 3 royal jellies
 n - a meat ration


   Skills:
 + Level 2.6 Fighting
 + Level 0.8 Short Blades
 + Level 0.8 Long Blades
 + Level 0.8 Axes
 + Level 0.8 Maces & Flails
 + Level 0.8 Polearms
 + Level 4.5 Staves
 + Level 0.8 Slings
 + Level 0.8 Bows
 + Level 0.8 Crossbows
 + Level 0.8 Throwing
 + Level 0.8 Armour
 + Level 4.5 Dodging
 + Level 0.8 Stealth
   Level 0.0 Stabbing
 + Level 0.8 Shields
   Level 0.0 Traps
 + Level 0.8 Unarmed Combat
 + Level 5.0 Spellcasting
 + Level 0.8 Conjurations
 + Level 0.8 Hexes
 + Level 0.8 Charms
 + Level 2.6 Summonings
 + Level 0.8 Necromancy
 + Level 0.8 Translocations
 + Level 0.8 Transmutations
 + Level 0.8 Fire Magic
 + Level 0.8 Ice Magic
 + Level 0.8 Air Magic
 + Level 0.8 Earth Magic
 + Level 0.8 Poison Magic
 + Level 0.8 Invocations
 + Level 4.5 Evocations


You had 12 spell levels left.
You didn't know any spells.

Dungeon Overview and Level Annotations

Branches:
Dungeon (6/15)
 Temple: D:4-7

Altars:


Innate Abilities, Weirdness & Mutations

Your experience applies equally to all skills.
You have very sharp teeth.
Your uncanny sense of smell can sniff out nearby items.


Message History

You are exhausted.
You feel yourself slow down.
* * * LOW HITPOINT WARNING * * *
You feel sick.
* * * LOW HITPOINT WARNING * * *
You feel sick.
Unknown command.
It was a potion of haste.
You feel yourself speed up.
* * * LOW HITPOINT WARNING * * *
You feel sick.
Unknown command.
* * * LOW HITPOINT WARNING * * *
You feel sick.
* * * LOW HITPOINT WARNING * * *
You feel sick.
* * * LOW HITPOINT WARNING * * *
You feel sick.
* * * LOW HITPOINT WARNING * * *
You feel sick.
Are you sure you want to abandon this character and quit the game? (Confirm with "yes".)

#.# #.# #.##..
#.##.# #.##.#
#.##.# #.##.#
#.##.#
#@##.#############
#....>............
####.#############
#....# ####.# #


There were no monsters in sight!

Vanquished Creatures
  A worker ant (D:6)
  2 leopard geckos
  5 orcs
  A giant cockroach (D:4)
  2 kobolds
  2 frilled lizards
  A goblin (D:1)
  2 rats (D:2)
16 creatures vanquished.

Notes
Turn   | Place    | Note
-------+----------+-------------------------------------------
     0 | D:1      | 4thArraOfDagon the Gnoll Wanderer began the quest for the Orb.
     0 | D:1      | 4thArraOfDagon set off with: a +2 quarterstaff, the Collected Works on Feathers, a wand of random effects (15/48), a +0 robe, a bread ration
     0 | D:1      | Reached XP level 1. HP: 17/17 MP: 6/6
     2 | D:1      | Identified the Collected Works on Feathers
   271 | D:3      | Reached XP level 2. HP: 23/23 MP: 7/7
   286 | D:3      | You fall through a shaft for 2 floors!
   286 | D:5      | Entered Level 5 of the Dungeon
   442 | D:6      | Noticed a wight
   483 | D:6      | Reached skill level 5 in Spellcasting
   483 | D:6      | Reached XP level 3. HP: 10/28 MP: 7/9
   500 | D:6      | HP: 1/28 [poisoned by a worker ant]
   503 | D:6      | Quit the game

Vault maps used:
D:1:      dpeg_arrival_tiny_a
D:2:      kennysheep_six_static_rooms, minmay_misc_feat_secret_circle,
          minmay_misc_feat_chi, elyvilon_altar_3
D:3:      amethyst_overflow_temple_binary
D:4:      kennysheep_cluttered_room
D:5:      lemuel_insect_pit, tgw_xom, minitemple, first_bread
D:6:      temple_statues

Skill      XL: |  1  2 |
---------------+-------+-----
Spellcasting   | 5 |  5.0
Fighting       | |  2.6
Short Blades   | |  0.8
Long Blades    | |  0.8
Axes           | |  0.8
Maces & Flails | |  0.8
Polearms       | |  0.8
Staves         | |  4.5
Slings         | |  0.8
Bows           | |  0.8
Crossbows      | |  0.8
Throwing       | |  0.8
Armour         | |  0.8
Dodging        | |  4.5
Stealth        | |  0.8
Shields        | |  0.8
Unarmed Combat | |  0.8
Conjurations   | |  0.8
Hexes          | |  0.8
Charms         | |  0.8
Summonings     | |  2.6
Necromancy     | |  0.8
Translocations | |  0.8
Transmutations | |  0.8
Fire Magic     | |  0.8
Ice Magic      | |  0.8
Air Magic      | |  0.8
Earth Magic    | |  0.8
Poison Magic   | |  0.8
Invocations    | |  0.8
Evocations     | |  4.5

Action                   || total
-------------------------++-------
Melee: Quarterstaff      ||    42
       Bite              ||     5
  Use: Scroll            ||     3
       Potion            ||     3
 Stab: Sleeping          ||     1
Armor: Robe              ||    13
Dodge: Dodged            ||    34

Table legend:
 A = Spawn XP
 B = Non-spawn XP
 C = Spawn XP percentage of total XP
 D = Spawn monster count
 E = Non-spawn monster count
 F = Spawn count percentage of total count
 G = Total turns spent on level
                    A         B        C        D         E        F      G
               +---------+---------+-------+---------+---------+-------+---------
         Total |       0 |      64 |   0.0 |       0 |      16 |   0.0 |   503
               +---------+---------+-------+---------+---------+-------+---------
           D:1 |       0 |       3 |   0.0 |       0 |       2 |   0.0 |   106
           D:2 |       0 |       6 |   0.0 |       0 |       4 |   0.0 |   149
           D:3 |       0 |       2 |   0.0 |       0 |       1 |   0.0 |    31
           D:4 |       0 |      18 |   0.0 |       0 |       7 |   0.0 |    83
           D:5 |       0 |       3 |   0.0 |       0 |       1 |   0.0 |    65
           D:6 |       0 |      32 |   0.0 |       0 |       1 |   0.0 |    69
               +---------+---------+-------+---------+---------+-------+---------
